 Dungeon Crawl Stone Soup version 0.25-a0-41-g6cf4ce537d (webtiles) character file.

Game seed: 5446039088732191670, levelgen mode: deterministic

825 RedPan the Chiller (level 7, -1/50 HPs)
             Began as a Red Draconian Ice Elementalist on Oct 21, 2019.
             Slain by an orc warrior
             ... wielding a +0 trident
              (9 damage)
             ... on level 6 of the Dungeon.
             The game lasted 00:12:59 (6928 turns).

RedPan the Chiller (Red Draconian Ice Elementalist) Turns: 6928, Time: 00:13:00

Health: -1/50      AC: 14    Str: 11    XL:     7   Next: 64%
Magic:  6/13       EV: 12    Int: 17    God:
Gold:   326        SH:  0    Dex: 11    Spells: 4/14 levels left

rFire    + + .     SeeInvis .   o - +2 dagger (elec)
rCold    . . .     Gourm    .   (no shield)
rNeg     . . .     Faith    .   (armour unavailable)
rPois    .         Spirit   .   (helmet restricted)
rElec    .         Reflect  .   v - +2 cloak
rCorr    .         Harm     .   (no gloves)
MR       .....                  (no boots)
Stlth    ++........             (no amulet)
HPRegen  0.16/turn              s - ring of protection from fire
MPRegen  0.13/turn              e - ring of wizardry

@: icy armour
A: breathe fire, unfitting armour, fire resistance 1, cold-blooded, AC +6
a: Breathe Fire


You were on level 6 of the Dungeon.
You were not hungry.

You visited 1 branch of the dungeon, and saw 6 of its levels.

You collected 326 gold pieces.

Inventory:

Hand Weapons
 a - a +1 spear
 m - a +2 flail of protection
 o - a +2 dagger of electrocution (weapon)
 u - a +3 quarterstaff of chaos
Armour
 v - a +2 cloak (worn)
Jewellery
 e - a ring of wizardry (right hand)
 k - an uncursed ring of flight
 s - a ring of protection from fire (left hand)
 t - an uncursed ring of resist corrosion
Scrolls
 c - 2 scrolls of teleportation
 d - 5 scrolls of enchant weapon
 h - a scroll of remove curse
 r - 2 scrolls of amnesia {unknown}
Potions
 f - a potion of curing {unknown}
 g - 2 potions of lignification
 i - a potion of invisibility
 j - 2 potions of mutation
 l - 4 potions of flight {unknown}
 n - 2 potions of heal wounds {unknown}
 q - a potion of cancellation {unknown}
Comestibles
 b - 10 rations
 p - a chunk of flesh


   Skills:
 - Level 1.7 Dodging
 - Level 2.0 Stealth
 - Level 4.1 Spellcasting
 + Level 3.0 Conjurations
 + Level 4.2 Summonings
 - Level 5.0 Ice Magic


You had 4 spell levels left.
You knew the following spells:

 Your Spells              Type           Power        Failure   Level  Hunger
a - Freeze                Ice            ###.         1%          1    None
b - Throw Frost           Conj/Ice       ###...       1%          2    ##.....
c - Ozocubu's Armour      Chrm/Ice       ##......     7%          3    ###....
d - Summon Ice Beast      Ice/Summ       ###.....     9%          4    ####...

Your spell library contained the following spells:

 Spells                   Type           Power        Failure   Level  Hunger
 Magic Dart               Conj           ##..         1%          1    None
 Call Imp                 Summ           ###.....     1%          2    ##.....
 Blink                    Tloc           N/A          10%         2    ##.....
 Slow                     Hex            #.......     10%         2    ##.....
 Conjure Flame            Conj/Fire      #.......     11%         3    ###....
 Mephitic Cloud           Conj/Pois/Air  #.......     12%         3    ###....
 Throw Icicle             Conj/Ice       ###.....     12%         4    ####...


Dungeon Overview and Level Annotations

Branches:
Dungeon (6/15)
 Temple: D:4-7

Altars:
Ashenzari
Dithmenos
Okawaru
Trog

Shops:
D:6 (!

Annotations:
D:5 exclusions: gnoll and gnoll sergeant


Innate Abilities, Weirdness & Mutations

You can breathe blasts of fire.
Your fiery red scales are hard. (AC +6)
You cannot fit into any form of body armour.
Your flesh is heat resistant. (rF+)
You are cold-blooded and may be slowed by cold attacks.


Message History

There is a stone staircase leading up here.
Casting: Freeze (safe; 1% risk of failure)
Confirm with . or Enter, or press ? or * to list all spells.
A chill wind blows around you.
The orc warrior hits you from afar with a +0 trident!!
You hear a shout!
Casting: Summon Ice Beast (safe; 9% risk of failure)
Confirm with . or Enter, or press ? or * to list all spells.
You can't see any susceptible monsters within range! (Use Z to cast anyway.)
Casting: Summon Ice Beast (safe; 9% risk of failure)
Confirm with . or Enter, or press ? or * to list all spells.
A film of ice covers your body!
You hear a shout!
The orc warrior hits you from afar with a +0 trident!!
* * * LOW HITPOINT WARNING * * *
An orc comes into view.
Your ice beast hits the orc warrior.
Your ice beast freezes the orc warrior!
An orc comes into view. It is wielding a +0 club.
The orc warrior hits you from afar with a +0 trident!
You die...

.....∩..#
.......# ......#
.####.....####
............. #
...........##.#
..............#
.###...##.#####
.∩......@.......
.###.....#.#####
.......Yo o.
........... o..
.###.#...### ###
#.#...# #.#.#.#
#.#.#


You could see an orc warrior, 2 orcs and a friendly ice beast.

Vanquished Creatures
  A black bear (D:4)
  An ogre (D:4)
  2 howler monkeys (D:4)
  A bullfrog zombie (D:5)
  Crazy Yiuf (D:5)
  4 orc wizards
  An orc priest (D:3)
  2 hounds
  A bullfrog skeleton (D:4)
  2 worker ants
  A hound skeleton (D:4)
  8 adders
  2 worms
  3 dart slugs
  A leopard gecko (D:1)
  18 orcs
  3 giant cockroaches
  2 goblins
  8 hobgoblins
  5 jackals
  6 bats
  9 frilled lizards
  8 kobolds
  8 rats
98 creatures vanquished.

Vanquished Creatures (collateral kills)
  An ogre (D:4)
  A crimson imp (D:5)
2 creatures vanquished.

Grand Total: 100 creatures vanquished

Notes
Turn   | Place    | Note
-------+----------+-------------------------------------------
     0 | D:1      | RedPan the Draconian Ice Elementalist began the quest for
                  | the Orb.
     0 | D:1      | Reached XP level 1. HP: 14/14 MP: 3/3
    31 | D:1      | Found an iron altar of Okawaru.
    96 | D:1      | Reached XP level 2. HP: 12/20 MP: 1/5
   226 | D:1      | Learned a level 2 spell: Throw Frost
  1243 | D:2      | Reached XP level 3. HP: 26/26 MP: 6/6
  1974 | D:2      | Learned a level 3 spell: Ozocubu's Armour
  2005 | D:2      | Reached skill level 4 in Ice Magic
  2178 | D:2      | Reached XP level 4. HP: 33/33 MP: 6/8
  2393 | D:3      | Found a bloodstained altar of Trog.
  3445 | D:4      | Reached XP level 5. HP: 30/38 MP: 3/10
  3606 | D:4      | Found a shattered altar of Ashenzari.
  3861 | D:4      | Reached skill level 5 in Ice Magic
  3890 | D:4      | Learned a level 4 spell: Summon Ice Beast
  3913 | D:4      | Noticed an ogre
  3920 | D:4      | Noticed an ogre
  4003 | D:3      | Reached skill level 1 in Summonings
  4003 | D:3      | Reached XP level 6. HP: 40/45 MP: 6/12
  4682 | D:4      | Reached skill level 6 in Ice Magic
  4682 | D:4      | Your scales start taking on a fiery red colour.
  4682 | D:4      | Reduced skill Ice Magic to level 5
  4682 | D:4      | Reached XP level 7. HP: 44/50 MP: 9/13
  4682 | D:4      | Gained mutation: Your flesh is heat resistant. (rF+) [Red
                  | Draconian growth]
  5086 | D:5      | Entered Level 5 of the Dungeon
  5985 | D:5      | Found a shadowy altar of Dithmenos.
  6116 | D:5      | Found a runed translucent door.
  6117 | D:5      | Noticed Crazy Yiuf
  6654 | D:5      | Killed Crazy Yiuf
  6762 | D:6      | Found Jempyide's Weapon Shoppe.
  6763 | D:6      | Found Gug Fueris's Distillery.
  6928 | D:6      | Slain by an orc warrior

Levels and vault maps discovered:
D:1:      ncdulo_lavacross, layout_basic, okawaru_ov_weapons_minmay
D:2:      layout_basic
D:3:      layout_loops_ring, overflow_temple_1_default
D:4:      black_bear_nest_1, layout_rooms, cheibrodos_ashenzari_chains
D:5:      layout_layer_cave, lemuel_round_altar, first_ration,
          uniq_crazy_yiuf_cottage
D:6:      layout_basic, gammafunk_temple_overflow_statue,
          minmay_temple_entry_enclosed_plants, serial_shops,
          nicolae_shop_window_shopping, shop, nicolae_shop_waterfront, shop,
          shop, corner_web_ring

Skill      XL: |  1  2  3  4  5  6  7 |
---------------+----------------------+-----
Stealth        | 2 |  2.0
Spellcasting   | 3 4 |  4.1
Ice Magic      | 4 5 5 |  5.0
Summonings     | 1 3 4 |  4.2
Conjurations   | 3 |  3.0
Dodging        | |  1.7

Action                   |  1- 3 |  4- 6 |  7- 9 || total
-------------------------+-------+-------+-------++-------
Melee: Spear             |   128 |    40 |       ||   168
       Unarmed           |     6 |       |       ||     6
       Tailslap          |     3 |     4 |     1 ||     8
       Flail             |       |    19 |       ||    19
       Dagger            |       |       |    32 ||    32
 Cast: Freeze            |    20 |    58 |    37 ||   115
       Summon Ice Beast  |       |     1 |     4 ||     5
       Ozocubu's Armour  |       |       |     1 ||     1
  Use: Scroll            |     1 |    10 |       ||    11
 Stab: Sleeping          |     8 |     3 |       ||    11
  Eat: Chunk             |     4 |     8 |     8 ||    20
Armor: Skin              |    41 |    31 |    21 ||    93
Dodge: Dodged            |    80 |    59 |    43 ||   182

Table legend:
 A = Non-vault XP
 B = Vault XP
 C = Vault XP percentage of total XP
 D = Non-vault monster count
 E = Vault monster count
 F = Vault count percentage of total count
                 A         B        C        D         E       F
            +---------+---------+-------+---------+---------+-------
      Total |    1024 |     155 |  13.1 |      98 |       2 |   2.0
            +---------+---------+-------+---------+---------+-------
        D:1 |      37 |       0 |   0.0 |      23 |       0 |   0.0
        D:2 |      69 |       0 |   0.0 |      20 |       0 |   0.0
        D:3 |     190 |       0 |   0.0 |      19 |       0 |   0.0
        D:4 |     496 |     128 |  20.5 |      21 |       1 |   4.5
        D:5 |     232 |      27 |  10.4 |      15 |       1 |   6.2
            +---------+---------+-------+---------+---------+-------
